 Dungeon Crawl Stone Soup version 0.20.0-4-g10b340a (webtiles) character file.

3267 Gargoyl the Covered (level 10, -3/83 HPs)
             Began as a Ghoul Abyssal Knight on May 28, 2017.
             Was an Elder of Lugonu.
             Splashed by a jelly's acid (11 damage)
             ... on level 7 of the Dungeon.
             The game lasted 00:18:05 (6879 turns).

Gargoyl the Covered (Ghoul Abyssal Knight)          Turns: 6879, Time: 00:18:07

Health: -3/83      AC:  5    Str: 20    XL:     10   Next: 0%
Magic:  13/13      EV:  9    Int:  7    God:    Lugonu [****..]
Gold:   377        SH:  0    Dex: 11    Spells: 9/9 levels left

rFire    . . .     SeeInvis .   a - +5 hand axe
rCold    + . .     Gourm    .   (no shield)
rNeg     + + +     Faith    .   t - +0 chain mail
rPois    ∞         Spirit   .   l - +0 helmet
rElec    .         Reflect  .   m - +0 cloak
rCorr    .         Harm     .   i - +1 pair of gloves
MR       +....                  B - +0 pair of boots
Stlth    ..........             (no amulet)
Regen    0.0/turn               u - ring of protection from magic
MPRegen  0.2/turn               g - +3 ring of strength

@: corroded, rotting
A: rotting body, claws 1, carnivore 3, cold resistance 1, negative energy
resistance 3, inhibited regeneration, torment resistance, unbreathing
a: Depart the Abyss, Bend Space, Banish, Corrupt, Renounce Religion


You were on level 7 of the Dungeon.
You worshipped Lugonu.
Lugonu was greatly pleased with you.
You were not hungry.

You visited 1 branch of the dungeon, and saw 7 of its levels.
You visited the Abyss 1 time.
You also visited: Bailey.

You collected 377 gold pieces.

Inventory:

Hand Weapons
 a - a +5 hand axe (weapon)
 h - a +0 war axe
 z - a +3 hand axe of venom
Armour
 i - a +1 pair of gloves (worn)
 l - a +0 helmet (worn)
 m - a +0 cloak (worn)
 t - a +0 chain mail (worn)
 B - a +0 pair of boots (worn)
Jewellery
 b - an uncursed ring of magical power
 g - a +3 ring of strength (right hand)
 k - an uncursed ring of protection from cold
 u - a ring of protection from magic (left hand)
 C - an uncursed ring of protection from fire
Wands
 n - a wand of acid (7/15)
 y - a wand of polymorph (8/24)
Scrolls
 s - 4 scrolls of remove curse
 v - 7 scrolls of teleportation
 w - 2 scrolls of amnesia
 x - 8 scrolls of identify
Potions
 d - 2 potions of ambrosia {unknown}
 e - 3 potions of flight
 f - a potion of lignification {unknown}
 j - 2 potions of berserk rage {unknown}
 o - 2 potions of haste {unknown}
 q - 2 potions of heal wounds {unknown}
 r - a potion of mutation {unknown}
 A - a potion of agility {unknown}
Comestibles
 c - 5 meat rations
 p - 3 royal jellies


   Skills:
 + Level 6.3 Fighting
 + Level 7.3 Axes
 * Level 7.6 Armour
 + Level 2.5 Dodging
 * Level 6.4 Invocations


You had 9 spell levels left.
You didn't know any spells.

Dungeon Overview and Level Annotations

Branches:
Dungeon (7/15)             Temple (0/1) D:4

Altars:
Cheibriados
Gozag
Hepliaklqana
Kikubaaqudgha
Qazlal
Ru
Vehumet
Xom
Zin
The Shining One
Beogh

Shops:
D:4 =


Innate Abilities, Weirdness & Mutations

Your body is rotting away.
You thrive on raw meat.
You are immune to poison.
You have sharp fingernails.
You are carnivorous and can eat meat at any time.
Your flesh is cold resistant. (rC+)
You are immune to negative energy. (rN+++)
You do not regenerate when monsters are visible.
You are immune to unholy pain and torment.
You can survive without breathing.


Message History

There is a transporter here.
You enter the transporter and appear at another place.
The jelly hits you.
* * * LOW HITPOINT WARNING * * *
The acid corrodes you!
You are splashed with acid!
The acid burns!
* * * LOW HITPOINT WARNING * * *
The jelly hits you but does no damage.
Things that are here:
a dagger of speed; an ichor-stained shortbow You hit the jelly.
The acid corrodes you!
Your hands burn!
* * * LOW HITPOINT WARNING * * *
The jelly is moderately wounded.
The jelly misses you.
You hit the jelly but do no damage. The acid corrodes you!
Your hands burn!
* * * LOW HITPOINT WARNING * * *
The jelly is moderately wounded.
The jelly hits you.
* * * LOW HITPOINT WARNING * * *
You are splashed with acid!
The acid burns!
You die...

.........###........# #.#.#
.........# #........# #.#.##
..##'#######........#####.#..#
###...#...##...............#.#
###...#...##.....#.........#.#
..'........#.....#..........)#
###............###........#).#
.#####....###...##........#((##
.# #)#.......J@....#######(.#
.#####...###########..# #.)#
........##....©....##.# ##)##
........#...#####o..#.# #()#
........#.,,.#.#....#.# #####..#
######..#,*.......#.#.# #....[(#
....##..#,*#.8.8.##.#.###..(...##
....##..#,#...o..,#.#...+.......#
....##..#,##.8}8.##.#..##(....#>.


You could see a jelly.

Vanquished Creatures
  A two-headed ogre (D:7)
  Joseph (D:7)
  A hornet (D:7)
  Sigmund (D:2)
  A spriggan (D:7)
  A water moccasin (D:7)
  A hornet zombie (D:7)
  A phantom (D:6)
  2 bullfrogs (D:7)
  A gnoll sergeant (Bailey)
  A water moccasin zombie (D:6)
  A water moccasin skeleton (D:7)
  3 wights (D:7)
  A quasit (D:7)
  3 crimson imps
  8 hounds
  6 orc priests
  2 orc wizards
  A gnoll shaman (Bailey)
  2 iguanas
  3 worker ants
  A hound zombie (D:7)
  A hound skeleton (D:6)
  Robin (D:2)
  7 adders
  5 gnolls
  2 shadow imps
  An adder zombie (D:6)
  6 worms
  4 dart slugs
  5 leopard geckos
  17 orcs
  4 giant cockroaches
  16 goblins
  9 hobgoblins
  7 jackals
  5 quokkas
  8 bats
  5 frilled lizards
  A jackal skeleton (D:4)
  13 kobolds
  7 rats
167 creatures vanquished.

Vanquished Creatures (collateral kills)
  A big kobold (D:7)
  2 kobolds (D:7)
3 creatures vanquished.

Grand Total: 170 creatures vanquished

Notes
Turn   | Place    | Note
-------+----------+-------------------------------------------
     0 | Abyss:1  | Gargoyl the Ghoul Abyssal Knight began the quest for the Orb.
     0 | Abyss:1  | Reached XP level 1. HP: 19/19 MP: 1/1
    52 | Abyss:1  | Noticed a smoke demon
    53 | D:1      | Escaped the Abyss
   181 | D:1      | Reached skill level 1 in Dodging
   181 | D:1      | Reached XP level 2. HP: 24/26 MP: 2/2
   450 | D:1      | Reached * piety under Lugonu
   660 | D:1      | Reached XP level 3. HP: 33/33 MP: 3/3
   956 | D:2      | Noticed Robin
   962 | D:2      | Killed Robin
  1073 | D:2      | Reached XP level 4. HP: 36/40 MP: 4/4
  1099 | D:2      | Found a glowing golden altar of the Shining One.
  1144 | D:2      | Found a glowing silver altar of Zin.
  1289 | D:2      | Found a faded altar of an unknown god.
  1423 | D:2      | Noticed Sigmund
  1434 | D:2      | Killed Sigmund
  1434 | D:2      | Reached XP level 5. HP: 32/45 MP: 6/6
  1434 | D:2      | Reached XP level 6. HP: 36/51 MP: 7/7
  1560 | D:3      | Reached ** piety under Lugonu
  2643 | D:4      | Found Peduyc's Jewellery Emporium.
  2688 | D:4      | Found a staircase to the Ecumenical Temple.
  3109 | D:4      | Found a hazy altar of Hepliaklqana.
  3356 | D:4      | Found an opulent altar of Gozag.
  3430 | D:5      | Entered Level 5 of the Dungeon
  3453 | D:5      | Reached XP level 7. HP: 60/60 MP: 8/8
  3581 | D:5      | Found an ancient bone altar of Kikubaaqudgha.
  3606 | D:5      | Found a shimmering altar of Xom.
  3606 | D:5      | Found a shimmering altar of Xom.
  3606 | D:5      | Found a shimmering altar of Xom.
  3662 | D:5      | Reached *** piety under Lugonu
  3846 | D:5      | Reached skill level 5 in Fighting
  3864 | D:5      | Found an opulent altar of Gozag.
  3936 | D:5      | Found a stormy altar of Qazlal.
  3938 | D:5      | Found a radiant altar of Vehumet.
  4493 | D:6      | Reached XP level 8. HP: 68/68 MP: 10/10
  4550 | D:6      | Got a brightly glowing silver ring
  4563 | D:6      | Identified the ring of Fedhas's Castigation {Wiz rC- MP+9 Int+7} (You found it on level 6 of the Dungeon)
  4607 | D:6      | Reached skill level 5 in Axes
  5022 | D:6      | Found a sacrificial altar of Ru.
  5341 | D:7      | Reached skill level 5 in Armour
  5426 | D:7      | Noticed a two-headed ogre
  5437 | D:7      | Killed a two-headed ogre
  5437 | D:7      | Reached skill level 5 in Invocations
  5437 | D:7      | Reached XP level 9. HP: 43/74 MP: 10/12
  5470 | D:7      | Noticed Joseph
  5500 | D:7      | Killed Joseph
  5525 | D:7      | Found a roughly hewn altar of Beogh.
  5559 | D:7      | Found a snail-covered altar of Cheibriados.
  5673 | D:7      | Noticed a hornet
  5680 | D:7      | Killed a hornet
  5773 | D:7      | Found a flagged portal.
  5781 | D:7      | Reached **** piety under Lugonu
  5792 | Bailey   | Entered a bailey
  5850 | Bailey   | HP: 3/75 [gnoll sergeant/halberd (3)]
  6861 | D:7      | Reached XP level 10. HP: 59/83 MP: 13/13
  6879 | D:7      | Splashed by a jelly's acid

Skill      XL: |  1  2  3  4  5  6  7  8  9 |
---------------+----------------------------+-----
Dodging        | 1 2 |  2.5
Axes           | 2 3 4 6 7 |  7.3
Armour         | 2 3 4 6 7 |  7.6
Fighting       | 4 5 6 |  6.3
Invocations    | 3 4 5 6 |  6.4

Action                   |  1- 3 |  4- 6 |  7- 9 | 10-12 || total
-------------------------+-------+-------+-------+-------++-------
Melee: Hand axe          |    88 |   164 |   348 |     3 ||   603
Invok: Depart the Abyss  |     1 |       |       |       ||     1
       Bend Space        |       |       |     2 |     1 ||     3
  Use: Scroll            |    10 |     5 |     7 |       ||    22
       Potion            |       |     1 |     1 |       ||     2
  Eat: Chunk             |    12 |    23 |    47 |       ||    82
Armor: Ring mail         |    49 |   102 |       |       ||   151
       Chain mail        |       |     5 |   273 |     3 ||   281
Dodge: Dodged            |    64 |   114 |   188 |     4 ||   370
